AoeStats
← MkobeW

Arena

510231441Analyzed
3v3 RM · 24h ago on Sep 30, 2026· 35m 16s· 6 players
Game mode
Random Map
Map size
Normal (6 player)
Population
200
Speed
Normal
Resources
Standard
Victory
Conquest
Starting age
Dark Age
Ending age
Imperial Age
RankedLock teamsTeams togetherTeam positionsShared explorationLock speedFull tech treeHidden civsTurbo modeCheats
Victory
Defeat
🇦🇷 Mongols · Argentina
1244
+17
🇳🇿 Shu · New Zealand
1208
+19
🇺🇸 Georgians · United States
1156
+53
🇵🇪 Muisca · Peru
1304
-20
🇵🇪 Persians · Peru
1254
-18
🇵🇪 Spanish · Peru
1249
-18
MkobeW
9:56 Feudal Age
14:01 Castle Age
12:22 Double-Bit Axe
12:59 Horse Collar
15:17 Wheelbarrow
19:56 Hand Cart
21:38 Stone Mining
22:05 Bow Saw
24:45 Gold Mining
28:59 Imperial Age
26:15 Loom
26:37 Scale Barding Armor
26:42 Forging
28:31 Stone Shaft Mining
28:21 Chain Barding Armor
28:56 Forging
29:04 Heavy Plow
31:06 Plate Barding Armor
31:06 Iron Casting
31:30 Conscription
31:31 Fletching
31:13 Elite Monaspa
33:20 Aznauri Cavalry
35:01 Husbandry
35:12 Bloodlines
35:05 Husbandry
SoulStrider6763
11:12 Feudal Age
12:36 Loom
17:05 Castle Age
15:22 Double-Bit Axe
19:43 Horse Collar
23:36 Fletching
25:22 Town Watch
25:57 Heavy Plow
26:13 Husbandry
28:35 Bow Saw
29:15 Wheelbarrow
32:27 Imperial Age
30:58 Fortified Wall
31:09 Ballistics
31:18 Thumb Ring
31:41 Scale Mail Armor
31:52 Forging
32:17 Crossbowman
32:20 Elite Skirmisher
33:14 Bolt Magazine
33:23 Siege Engineers
36:13 Chemistry
Humawaska
9:54 Feudal Age
13:58 Castle Age
11:56 Double-Bit Axe
12:22 Horse Collar
16:14 Bow Saw
16:06 Heavy Plow
21:28 Wheelbarrow
21:37 Stone Mining
23:09 Gold Mining
23:55 Stone Shaft Mining
25:39 Gold Shaft Mining
26:12 Hand Cart
25:43 Loom
29:10 Imperial Age
27:32 Fletching
27:43 Padded Archer Armor
27:49 Scale Barding Armor
27:54 Forging
28:30 Bodkin Arrow
28:58 Ballistics
29:05 Husbandry
29:16 Bloodlines
29:22 Leather Archer Armor
29:17 Elite Mangudai
30:43 Conscription
30:32 Light Cavalry
31:44 Bracer
33:02 Chemistry
32:21 Hussar
33:23 Chain Barding Armor
34:23 Iron Casting
34:48 Thumb Ring
35:08 Parthian Tactics
chr0rk
10:45 Feudal Age
11:53 Double-Bit Axe
14:43 Castle Age
12:47 Horse Collar
16:21 Bow Saw
22:05 Heavy Plow
23:47 Wheelbarrow
25:30 Gold Mining
26:13 Hand Cart
26:05 Scale Barding Armor
26:10 Forging
27:01 Loom
27:29 Stone Mining
28:15 Gold Shaft Mining
30:37 Imperial Age
28:34 Chain Barding Armor
28:51 Iron Casting
28:27 Bloodlines
28:18 Husbandry
31:58 Two-Man Saw
31:29 Crop Rotation
31:35 Plate Barding Armor
30:57 Elite War Elephant
33:59 Conscription
34:41 Blast Furnace
Marlok
11:32 Feudal Age
15:08 Castle Age
13:47 Double-Bit Axe
13:44 Horse Collar
17:07 Bow Saw
19:11 Heavy Plow
20:39 Gold Mining
21:25 Crossbowman
21:58 Fletching
22:36 Padded Archer Armor
22:45 Bodkin Arrow
23:06 Crossbowman
28:14 Imperial Age
25:14 Champi Runner
26:53 Gold Shaft Mining
26:58 Champi Warrior
27:03 Pikeman
29:37 Wheelbarrow
28:37 Capped Ram
29:45 Arbalester
31:08 Crop Rotation
31:39 Two-Man Saw
Clozy-
11:01 Feudal Age
12:16 Loom
14:54 Castle Age
13:14 Double-Bit Axe
14:34 Horse Collar
17:10 Bow Saw
20:51 Heavy Plow
25:00 Wheelbarrow
26:30 Hand Cart
29:24 Imperial Age
27:08 Padded Archer Armor
27:43 Fletching
28:08 Leather Archer Armor
28:11 Gold Mining
28:26 Bodkin Arrow
28:17 Elite Skirmisher
29:10 Thumb Ring
31:19 Two-Man Saw
30:22 Bracer
30:53 Ring Archer Armor
32:55 Chemistry
32:16 Ballistics
32:15 Capped Ram
33:17 Siege Ram
Connection lost

Rejoining the realm…

Still unreachable

The connection could not be restored.

Session expired

The server has moved on; the page needs a fresh start.